Map: Pillars of Gold LE

Players

Probe

  • Race: Protoss Protoss
  • Spawn Location: 1:00

RiSky - Winner!

  • Race: Zerg Zerg
  • Spawn Location: 7:00

Event: DreamHack SC2 Masters 2020 Summer Oceania RoA

VOD

Have the link to the VOD?

Description

Time

  • Played on: June 28, 2020, 6:12 a.m.
  • Length: 11:47

All games in this series

Show
View Real Time Build Order
Export as new Build Order

Probe Protoss 

Build Orders: 1 Gate Expand, Oracle Opening, Phoenix Opening, Archon Immortal 

Get SALT Encoding   

  12  0:00  Probe  
  13  0:13  Probe  
  14  0:20  Pylon  
  14  0:25  Probe  
  15  0:30  Assimilator  
  15  0:38  Probe  
  16  0:45  Gateway  
  16  0:50  Probe  
  17  1:02  Probe  
  18  1:10  Probe  
  19  1:18  Probe  
  20  1:28  Nexus  
  20  1:38  Cybernetics Core  
  20  1:40  Probe  
  20  1:46  Assimilator  
  21  1:52  Probe  
  22  1:57  Pylon  
  22  2:04  Probe  
  22  2:05  Adept  
  23  2:12  Probe  
  25  2:20  Stargate, Probe  
  26  2:29  Stalker, Warp Gate  
  27  2:31  Probe  
  28  2:42  Probe  
  31  2:47  Probe  
  32  2:54  Probe  
  33  2:59  Probe  
  33  3:03  Oracle  
  37  3:07  Probe  
  37  3:11  Pylon, Probe  
  39  3:19  Probe  
  40  3:23  Probe  
  40  3:25  Gateway  
  41  3:29  Oracle  
  41  3:31  Probe  
  42  3:35  Probe  
  46  3:43  Probe  
  46  3:47  Assimilator, Probe  
  48  3:48  Assimilator  
  48  3:52  Pylon  
  48  3:55  Probe  
  49  3:59  Phoenix, Probe  
  50  4:03  Pylon  
  50  4:07  Probe  
  53  4:11  Probe  
  54  4:17  Robotics Facility  
  54  4:19  Probe  
  54  4:22  Adept x2  
  54  4:23  Probe  
  60  4:31  Probe  
  60  4:36  Probe  
  62  4:43  Probe  
  63  4:48  Probe  
  63  4:51  Nexus  
  63  4:52  Pylon  
  64  4:55  Sentry x2, Probe  
  64  4:59  Immortal  
  69  5:09  Pylon  
  69  5:12  Probe  
  69  5:15  Probe  
  69  5:18  Pylon  
  69  5:19  Pylon  
  68  5:26  Sentry, Pylon  
  70  5:28  Shield Battery  
  70  5:30  Immortal, Probe  
  71  5:37  Probe  
  76  5:43  Gateway  
  76  5:45  Gateway  
  76  5:50  Adept  
  78  5:57  Twilight Council, Probe x2  
  78  5:59  Forge  
  78  6:00  Probe  
  81  6:05  Probe x2  
  81  6:08  Protoss Ground Weapons Level 1, Probe  
  81  6:11  Observer  
  84  6:13  Probe x2  
  84  6:17  Probe  
  87  6:24  Charge  
  89  6:25  Probe  
  89  6:27  Probe  
  89  6:28  Assimilator  
  89  6:29  Assimilator  
  89  6:30  Probe  
  91  6:34  Pylon  
  91  6:37  Templar Archives, Probe  
  91  6:39  Probe  
  93  6:42  Probe  
  93  6:43  Immortal  
  98  6:53  Gateway  
  98  6:54  Gateway  
  98  6:59  Gateway  
  98  7:01  Gateway  
  97  7:11  Shield Battery  
  97  7:15  High Templar x4  
  105  7:19  Immortal, Archon  
  105  7:20  Archon  
  105  7:26  Photon Cannon  
  105  7:27  Shield Battery  
  105  7:28  Photon Cannon  
  109  7:32  Pylon  
  109  7:49  Nexus  
  109  7:51  High Templar x3  
  109  7:52  Immortal, High Templar  
  109  7:54  Pylon  
  109  7:55  Archon  
  109  7:56  Archon, Zealot x2  
  109  7:57  Zealot  
  109  7:58  Pylon  
  127  8:04  Pylon  
  127  8:05  Pylon  
  127  8:13  Shield Battery  
  127  8:14  Shield Battery  
  127  8:15  Photon Cannon, Psionic Storm  
  126  8:25  Zealot x4  
  132  8:30  Zealot x2  
  116  8:40  High Templar x2  
  120  8:45  Archon, High Templar x2  
  120  8:46  Zealot x2  
  128  8:49  Probe x2  
  128  8:55  Observer  
  130  9:00  Archon  
  130  9:02  Phoenix  
  131  9:04  High Templar x2  
  131  9:05  Probe x3  
  131  9:06  Probe  
  131  9:07  Photon Cannon  
  131  9:08  Archon  
  139  9:10  Shield Battery  
  139  9:11  Shield Battery  
  139  9:12  Pylon  
  139  9:17  Probe  
  139  9:22  Phoenix, High Templar x2  
  139  9:23  Zealot x4  
  152  9:31  Photon Cannon  
  153  9:32  Photon Cannon  
  153  9:35  Photon Cannon  
  150  9:41  Stalker x2  
  150  9:43  Archon  
  102  10:01  Zealot x6  
  99  10:09  Phoenix  
  99  10:11  High Templar  
  99  10:12  Zealot  
  99  10:14  Probe  
  99  10:17  Assimilator x2  
  98  10:26  High Templar  
  98  10:27  High Templar, Zealot x4  
  112  10:43  Immortal  
  112  10:44  Zealot x2  
  112  10:45  Probe  
  115  10:54  High Templar  
  115  10:55  High Templar  
  115  10:56  Zealot x2  
  123  11:04  Zealot x2  
  123  11:05  Zealot x2  
  110  11:21  Zealot x2  
  99  11:27  Zealot x5  
Show
View Real Time Build Order
Export as new Build Order

RiSky Zerg - Winner!

Build Orders: Hatch First, Muta Ling Bane 

Get SALT Encoding   

  12  0:00  Drone  
  13  0:12  Overlord  
  13  0:17  Drone  
  14  0:31  Drone x2  
  16  0:50  Hatchery  
  16  0:53  Drone  
  16  0:56  Drone  
  17  1:01  Drone  
  18  1:10  Extractor  
  17  1:16  Spawning Pool  
  16  1:19  Drone  
  16  1:23  Drone  
  18  1:28  Drone  
  19  1:39  Drone  
  20  1:49  Overlord  
  20  2:02  Queen x2  
  20  2:03  Zergling x4  
  26  2:12  Drone x2  
  26  2:14  Metabolic Boost  
  28  2:23  Drone x2  
  30  2:39  Hatchery  
  30  2:43  Drone  
  30  2:47  Drone x2  
  32  2:53  Queen  
  32  2:57  Overlord  
  34  3:02  Drone  
  34  3:04  Drone  
  36  3:16  Drone x2  
  36  3:17  Drone  
  39  3:20  Drone  
  39  3:22  Drone  
  39  3:25  Overlord  
  41  3:27  Drone  
  41  3:29  Drone  
  41  3:34  Drone  
  44  3:41  Overlord  
  44  3:43  Spore Crawler, Queen  
  44  3:44  Drone x3  
  44  3:47  Drone  
  49  3:50  Drone  
  49  3:52  Drone  
  51  3:57  Queen  
  51  3:58  Zergling x2  
  54  4:03  Zergling x2  
  54  4:04  Zergling x2  
  54  4:06  Zergling x2  
  54  4:07  Roach Warren  
  56  4:13  Zergling x8  
  60  4:18  Spore Crawler  
  60  4:19  Spore Crawler  
  60  4:22  Drone x3  
  61  4:26  Drone x2  
  61  4:29  Drone x2  
  65  4:35  Overlord  
  65  4:37  Drone  
  66  4:42  Overlord, Extractor  
  66  4:43  Extractor  
  64  4:52  Overlord  
  64  4:54  Drone x2  
  64  4:58  Overlord  
  64  4:59  Lair  
  66  5:00  Drone  
  66  5:06  Roach x4  
  74  5:13  Drone  
  74  5:14  Drone  
  74  5:16  Drone x2  
  74  5:17  Drone x2  
  74  5:20  Drone x2  
  77  5:23  Evolution Chamber, Drone x3  
  77  5:27  Drone  
  80  5:30  Drone  
  80  5:32  Drone  
  81  5:36  Drone  
  81  5:37  Drone x2  
  81  5:41  Extractor x2  
  81  5:42  Drone, Extractor  
  82  5:46  Roach x2  
  86  5:50  Drone x2  
  86  5:53  Overlord  
  86  5:54  Overlord  
  88  5:58  Overseer  
  88  5:59  Glial Reconstitution, Drone, Baneling Nest  
  88  6:00  Drone  
  88  6:02  Zerg Melee Weapons Level 1  
  89  6:08  Hatchery  
  89  6:10  Overlord x2  
  89  6:11  Drone x3  
  91  6:12  Drone x2  
  91  6:15  Drone  
  91  6:16  Drone  
  95  6:20  Overseer  
  94  6:28  Drone  
  94  6:30  Roach x4  
  94  6:31  Roach x3  
  109  6:33  Drone x2  
  109  6:36  Drone  
  112  6:40  Overlord  
  112  6:43  Centrifical Hooks  
  112  6:47  Drone x2  
  112  6:49  Drone x2  
  112  6:50  Spire  
  115  6:54  Drone  
  115  6:57  Overlord x2  
  115  7:01  Drone x2  
  118  7:12  Drone x3  
  121  7:16  Zergling x6  
  121  7:17  Zergling x8  
  121  7:22  Overlord  
  128  7:24  Zergling x8  
  128  7:25  Spore Crawler  
  128  7:26  Overseer  
  128  7:28  Pneumatized Carapace, Zergling x2  
  128  7:29  Zergling x2  
  133  7:32  Ravager x3  
  133  7:33  Overlord  
  136  7:37  Zergling x8  
  136  7:42  Overlord  
  140  7:44  Zergling x12  
  146  7:51  Overlord  
  146  7:53  Zergling x10  
  146  7:56  Baneling x11  
  146  7:57  Baneling x6  
  152  7:58  Ravager x3  
  152  7:59  Ravager x2  
  152  8:01  Baneling  
  152  8:02  Baneling x5  
  156  8:12  Drone x2  
  158  8:14  Zerg Flyer Weapons Level 1  
  158  8:16  Hatchery, Zergling x22  
  167  8:25  Zergling x12  
  159  8:28  Zergling x2  
  138  8:36  Mutalisk x4  
  138  8:39  Zergling x10  
  148  8:43  Mutalisk  
  148  8:47  Mutalisk  
  146  8:51  Drone x4  
  146  8:52  Extractor x2  
  148  8:59  Zergling x8  
  148  9:01  Baneling x10  
  152  9:07  Drone  
  152  9:09  Zergling x2  
  158  9:10  Zergling x8  
  158  9:13  Baneling x8  
  158  9:14  Zergling x12  
  164  9:19  Zergling x2  
  164  9:22  Zerg Melee Weapons Level 2  
  164  9:24  Zergling x8  
  169  9:26  Zergling x4  
  169  9:31  Zergling x2, Infestation Pit  
  170  9:32  Zergling x2  
  170  9:37  Zergling x6  
  175  9:44  Zergling x10  
  180  9:48  Zergling x10  
  180  9:52  Zergling x4  
  161  9:57  Roach x2  
  145  10:01  Roach  
  145  10:02  Roach x2  
  137  10:07  Roach  
  137  10:09  Roach x2  
  138  10:15  Hive  
  138  10:17  Roach x4  
  146  10:23  Ravager x4  
  146  10:24  Ravager  
  146  10:26  Zergling x10  
  156  10:29  Baneling x19, Hatchery  
  156  10:30  Baneling, Zergling x8  
  156  10:33  Zergling x2  
  160  10:39  Overlord x3  
  160  10:40  Zergling x4  
  162  10:44  Zergling x6  
  162  10:48  Zergling x6  
  168  10:51  Zergling x2  
  168  10:56  Zergling x8  
  168  10:57  Baneling x9, Zergling x2  
  174  10:58  Baneling x3  
  174  11:01  Zergling x6  
  177  11:05  Zergling x6  
  168  11:11  Zergling x2  
  168  11:12  Zergling x8  
  168  11:17  Zergling x10  
  169  11:19  Zergling x2  
  169  11:25  Zergling x10  
Tags
 
Add a new tag
Caveats
  • Supply blocks, unpowered buildings, or Contaminate may cause inaccurate times.
  • Supply counts are checked every 10 seconds.